AoeStats
← komailvidz

Black Forest

510806398Analyzed
4v4 RM · 1d ago on Oct 2, 2026· 75m 28s· 8 players
Game mode
Random Map
Map size
Large (8 player)
Population
200
Speed
Normal
Resources
Standard
Victory
Conquest
Starting age
Dark Age
Ending age
Imperial Age
RankedLock teamsTeams togetherTeam positionsShared explorationLock speedFull tech treeHidden civsTurbo modeCheats
Victory
Defeat
🇧🇷 Varangians · Brazil
873
+11
🇷🇴 Britons · Romania
695
+18
🇺🇸 Italians · United States
669
+19
🇵🇰 Franks · Pakistan
662
+21
🇵🇪 Bohemians · Peru
801
-19
761
-18
🇲🇽 Byzantines · Mexico
747
-17
🇮🇳 Ethiopians · India
691
-15
爱蜜莉娅天使来到我身边
12:08 Feudal Age
12:40 Loom
17:40 Castle Age
16:29 Double-Bit Axe
16:48 Horse Collar
19:10 Bow Saw
28:23 Wheelbarrow
28:35 Town Watch
29:24 Heavy Plow
30:36 Hand Cart
35:52 Imperial Age
35:41 Masonry
35:54 Ballistics
35:54 Clinker Construction
36:29 Bloodlines
36:38 Forging
36:34 Scale Barding Armor
37:36 Chemistry
36:36 Murder Holes
37:45 Husbandry
37:53 Gold Mining
37:54 Stone Mining
38:28 Guilds
39:26 Two-Man Saw
39:07 Iron Casting
38:53 Chain Barding Armor
38:56 Town Patrol
40:09 Marauders
40:30 Conscription
39:46 Capped Ram
41:54 Plate Barding Armor
42:20 Blast Furnace
41:11 Fletching
40:59 Siege Ram
41:20 Elite Tarkan
46:21 Murder Holes
46:51 Ballistics
46:28 Bodkin Arrow
46:35 Padded Archer Armor
51:56 Caravan
57:24 Masonry
yabin.belrojo
0:34 Loom
bela29318
11:43 Loom
13:55 Feudal Age
14:25 Double-Bit Axe
14:24 Horse Collar
15:30 Gold Mining
22:05 Castle Age
20:31 Stone Mining
23:02 Bow Saw
24:27 Wheelbarrow
23:45 Crossbowman
24:31 Thumb Ring
24:57 Heavy Plow
24:56 Fletching
25:10 Padded Archer Armor
26:44 Hand Cart
27:14 Gold Shaft Mining
27:55 Crossbowman
30:38 Thumb Ring
30:32 Bodkin Arrow
30:49 Forging
30:41 Scale Mail Armor
34:05 Iron Casting
33:47 Chain Mail Armor
33:47 Leather Archer Armor
35:35 Ballistics
38:33 Imperial Age
35:51 Town Watch
38:00 Royal Heirs
40:32 Two-Man Saw
40:29 Conscription
39:30 Elite Shotel Warrior
40:53 Arbalester
41:48 Caravan
43:50 Blast Furnace
42:51 Bracer
43:22 Plate Mail Armor
44:07 Torsion Engines
43:43 Capped Ram
45:51 Ring Archer Armor
51:48 Fervor
51:40 Atonement
52:08 Illumination
52:10 Sanctity
52:32 Theocracy
56:58 Halberdier
57:38 Squires
joaolex1978
2:22 Loom
12:11 Feudal Age
16:13 Double-Bit Axe
19:03 Castle Age
18:04 Horse Collar
23:50 Bow Saw
24:04 Heavy Plow
27:00 Imperial Age
25:54 Town Watch
27:22 Chemistry
28:47 Conscription
29:10 Elite Skirmisher
29:17 Pikeman
30:51 Fletching
31:47 Ballistics
32:04 Bodkin Arrow
32:10 Padded Archer Armor
33:55 Wheelbarrow
36:09 Hand Cart
36:08 Town Patrol
36:40 Forging
36:31 Scale Mail Armor
39:01 Iron Casting
40:56 Two-Man Saw
40:19 Chain Mail Armor
40:09 Squires
41:42 Blast Furnace
41:40 Wagenburg Tactics
42:18 Caravan
43:10 Plate Mail Armor
42:23 Man-at-Arms
44:15 Leather Archer Armor
44:54 Long Swordsman
44:56 Halberdier
45:58 Two-Handed Swordsman
46:24 Arson
48:14 Bracer
48:44 Ring Archer Armor
47:57 Champion
TimeAttorney497
0:38 Loom
14:48 Feudal Age
17:42 Wheelbarrow
20:37 Castle Age
20:06 Double-Bit Axe
24:04 Horse Collar
27:11 Bow Saw
32:32 Imperial Age
32:14 Squires
32:20 Scale Mail Armor
32:30 Forging
33:22 Chain Mail Armor
36:41 Iron Casting
39:21 Silk Road
40:29 Two-Man Saw
39:40 Heavy Plow
40:14 Caravan
44:27 Plate Mail Armor
44:57 Blast Furnace
60:07 Padded Archer Armor
59:58 Fletching
60:15 Elite Genoese Crossbowman
62:10 Leather Archer Armor
61:51 Bodkin Arrow
63:42 Ring Archer Armor
64:14 Bracer
72:09 Spies/Treason
NeverArabia
8:33 Loom
11:26 Feudal Age
16:18 Castle Age
14:56 Double-Bit Axe
17:19 Fishing Lines
19:37 Gillnets
23:35 Wheelbarrow
23:27 Bow Saw
26:40 Horse Collar
30:10 Heavy Plow
31:31 Hand Cart
34:49 Imperial Age
32:37 Stone Mining
33:39 Caravan
39:16 Two-Man Saw
39:08 Forging
38:58 Scale Mail Armor
39:04 Scale Barding Armor
39:13 Forging
39:27 Squires
39:14 Gambesons
39:15 Arson
38:51 Elite Varangian Guard
38:54 Elite Jarl
39:57 Conscription
38:59 Gothikon
40:05 Gold Mining
40:50 Stone Shaft Mining
40:26 Scale Barding Armor
40:21 Scale Mail Armor
40:57 Iron Casting
42:58 Bloodlines
42:49 Husbandry
43:12 Chain Barding Armor
43:07 Chain Mail Armor
43:53 Blast Furnace
45:14 Plate Barding Armor
45:09 Plate Mail Armor
45:35 Vendel Legacy
45:38 Cavalier
47:56 Treadmill Crane
48:31 Masonry
48:19 Murder Holes
50:08 Chemistry
51:01 Architecture
50:23 Fletching
54:59 Devotion
58:12 Crop Rotation
66:24 Fortified Wall
71:59 Town Watch
72:50 Ballistics
72:29 Bodkin Arrow
73:52 Spies/Treason
bergalexandru
12:07 Feudal Age
15:39 Horse Collar
18:47 Double-Bit Axe
19:40 Wheelbarrow
19:50 Stone Mining
24:05 Castle Age
26:24 Fletching
28:38 Padded Archer Armor
35:42 Leather Archer Armor
35:23 Bodkin Arrow
35:49 Hand Cart
42:31 Imperial Age
39:26 Elite Skirmisher
41:07 Caravan
45:37 Ring Archer Armor
45:08 Bracer
48:49 Elite Longbowman
50:36 Ballistics
51:17 Chemistry
50:54 Conscription
52:54 Bow Saw
62:55 Hoardings
komailvidz
0:31 Loom
15:10 Feudal Age
19:25 Wheelbarrow
18:36 Town Watch
22:37 Double-Bit Axe
24:47 Fishing Lines
26:26 Gold Mining
26:28 Stone Mining
32:39 Castle Age
31:09 Scale Barding Armor
31:04 Scale Mail Armor
31:15 Forging
30:56 Fletching
31:07 Padded Archer Armor
34:42 Chain Barding Armor
34:38 Chain Mail Armor
34:59 Iron Casting
35:20 Ordonnance Companies
39:16 Imperial Age
38:08 Pikeman
38:49 Squires
39:50 Fervor
42:05 Hand Cart
45:45 Bow Saw
47:20 Halberdier
47:24 Man-at-Arms
47:50 Gambesons
49:52 Plate Barding Armor
49:47 Plate Mail Armor
50:19 Blast Furnace
50:19 Elite Throwing Axeman
54:17 Cavalier
54:58 Husbandry
60:10 Capped Ram
61:50 Long Swordsman
74:30 Paladin
Connection lost

Rejoining the realm…

Still unreachable

The connection could not be restored.

Session expired

The server has moved on; the page needs a fresh start.